 Dungeon Crawl Stone Soup version 0.28.0-47-ge53b351184 (webtiles) character file.

Game seed: 7403157427255512275

435 101zpm the Magician (level 7, -8/45 HPs)
             Began as a Djinni Fire Elementalist on Apr 30, 2022.
             Mangled by Duvessa
             ... wielding a +0 short sword
              (9 damage)
             ... on level 4 of the Dungeon.
             The game lasted 00:12:35 (5079 turns).

101zpm the Magician (Djinni Fire Elementalist)      Turns: 5079, Time: 00:12:37

Health: -8/45      AC:  2    Str:  7    XL:     7   Next: 21%
Gold:   354        EV: 12    Int: 18    God:
                   SH:  0    Dex: 14

rFire   + + .      SeeInvis .   j - +2 mace (protect)
rCold   x . .      Faith    .   (no shield)
rNeg    . . .      Spirit   .   a - +0 robe
rPois   ∞          Reflect  .   (no helmet)
rElec   .          Harm     .   (no cloak)
rCorr   .          Rampage  .   (no gloves)
Will    .....                   (boots unavailable)
Stlth   ++........              (no amulet)
HPRegen 0.15/turn               (no ring)
MPRegen 0.00/turn               (no ring)

@: flying
A: sickness immunity, fire resistance 2, cold vulnerability 1, float, innate
caster, HP casting, extra vitality 1
a: no special abilities


You were on level 4 of the Dungeon.
You visited 1 branch of the dungeon, and saw 5 of its levels.
You also visited: Ossuary.

You collected 354 gold pieces.

Inventory:

Hand Weapons
 j - a +2 mace of protection (weapon)
Armour
 a - a +0 robe (worn)
 s - the +4 scale mail of Repulsion {Rampage +Blink Dex-4}
   (You found it on level 4 of the Dungeon)

   Dex:       It affects your dexterity (-4).
   +Blink:    It lets you blink.
   Rampage:   It bestows one free step when moving towards enemies.
Magical Staves
 f - a staff of air
Scrolls
 c - a scroll of magic mapping
 d - a scroll of fear {unknown}
 e - a scroll of holy word
 i - a scroll of enchant armour
 n - a scroll of amnesia
 q - a scroll of torment
 t - a scroll of identify
Potions
 b - a potion of flight
 g - a potion of cancellation {unknown}
 h - a potion of brilliance {unknown}
 k - 3 potions of degeneration {unknown}
 l - 3 potions of attraction {unknown}
 m - a potion of experience {unknown}
 o - a potion of heal wounds {unknown}
 p - a potion of curing {unknown}
 r - a potion of ambrosia {unknown}


   Skills:
 + Level 2.6 Dodging
 + Level 2.5 Stealth
 + Level 5.5 Spellcasting


You couldn't memorise any spells.
You knew the following spells:

 Your Spells              Type           Power      Damage    Failure   Level
a - Foxfire               Conj/Fire      96%        2x1d8     1%          1
b - Scorch                Fire           48%        2d7       1%          2
c - Conjure Flame         Conj/Fire      24%        6-21      4%          3
d - Inner Flame           Hex/Fire       24%        N/A       4%          3
e - Flame Wave            Conj/Fire      24%        2d7       13%         4
f - Animate Skeleton      Necr           48%        N/A       1%          1
g - Poisonous Vapours     Pois/Air       48%        N/A       1%          2
h - Teleport Other        Tloc           24%        N/A       4%          3
Your spell library was empty.

Dungeon Overview and Level Annotations

Branches:
Dungeon (5/15)            Ossuary (visited)
 Temple: D:4-7

Altars:
Gozag
Zin

Shops:
D:4 *

Annotations:
D:4 2 transporters, 101zpm's ghost, amateur DjFE; Duvessa
D:5 Eustachio


Innate Abilities, Weirdness & Mutations

You are immune to sickness and miasma.
You are immune to poison.
Your flesh is very heat resistant. (rF++)
You are vulnerable to cold. (rC-)
You float through the air rather than walking.
You learn spells naturally, not from books.
Your magical power is your life essence.
You have superior vitality. (+4 MHP)


Message History

Confirm with . or Enter, or press ? or * to list all spells.
Aiming: Inner Flame (dangerous; 4% risk of failure)
Press: ? - help, Dir - move target, f - Duvessa
Aim: Duvessa, wielding a +0 short sword and wearing a +0 scale mail (berserk, ally target, chance to affect: 64%) Duvessa is filled with an inner flame.
The foxfire hits Duvessa.
Flame seeps out of Duvessa.
Duvessa is lightly wounded.
The foxfire hits Duvessa.
Flame seeps out of Duvessa.
Duvessa is moderately wounded.
Duvessa is engulfed in blazing flames.
Flame seeps out of Duvessa.
Casting: Inner Flame (dangerous; 4% risk of failure)
Confirm with . or Enter, or press ? or * to list all spells.
You don't know that spell.
Casting: Foxfire (safe; 1% risk of failure)
Press: ? - help, Q - select action, (/) - cycle Dir - look around, f - activate You conjure some foxfire!
Duvessa is engulfed in blazing flames.
Flame seeps out of Duvessa.
Duvessa hits you with a +0 short sword!
The foxfire hits Duvessa but does no damage.
Duvessa is heavily wounded.
The foxfire hits Duvessa.
Flame seeps out of Duvessa.
Duvessa is heavily wounded.
Duvessa is engulfed in blazing flames.
Flame seeps out of Duvessa.
Casting: Foxfire (safe; 1% risk of failure)
Press: ? - help, Q - select action, (/) - cycle Dir - look around, f - activate You conjure some foxfire!
Duvessa hits you with a +0 short sword.
Duvessa hits you with a +0 short sword!!
* * * LOW HITPOINT WARNING * * *
The foxfire hits Duvessa.
Flame seeps out of Duvessa.
Duvessa is severely wounded.
The foxfire hits Duvessa.
Flame seeps out of Duvessa.
Duvessa is severely wounded.
Duvessa is engulfed in blazing flames.
Flame seeps out of Duvessa.
Casting: Foxfire (safe; 1% risk of failure)
Press: ? - help, Q - select action, (/) - cycle Dir - look around, f - activate You conjure some foxfire!
* * * LOW HITPOINT WARNING * * *
Duvessa hits you with a +0 short sword!
You die...

............>.##.....# #.#
##.##.#...#.#.##.....# #.#
##.##..#..#..........# #.#
.........###.........# #.#
##......## #.....(...# #.#
##.....## #...(.....#**###*#.###
.......# ##........#*....*#....
.#.#...# #....v..##.....,#####
#..##### ##..@####$.##.#,,* ...#
#..ve..')☼#.#.,,*
..####*******#.....°☼○§.#.#,,####
......,,,,,,,#..>..##o.#.##,,#...
.<....,******###...#*#.....,*####
######,*,+***####+## *#....**
.[...#.,,*,,,#...#* *####*
.......***,>,#.>.* ...#.#,*
*,,,*...*


You could see Duvessa (berserk, inner flame, ally target) and an orc.

Vanquished Creatures
  An ice beast (D:4)
  Blork the orc (D:4)
  Dowan (D:4)
  A centaur skeleton (D:4)
  An iguana (D:4)
  8 mummies (Ossuary)
  An ufetubus (D:4)
  An adder skeleton (D:4)
  A dart slug (D:1)
  6 ball pythons
  4 endoplasms
  3 giant cockroaches
  A gnoll zombie (Ossuary)
  7 goblins
  5 hobgoblins
  4 jackals
  3 quokkas
  5 bats
  A frilled lizard (D:2)
  2 hobgoblin zombies (Ossuary)
  5 kobolds (D:1)
  4 kobold zombies (Ossuary)
  An orc zombie (Ossuary)
  4 rats
71 creatures vanquished.

Vanquished Creatures (others)
  463 foxfires
463 creatures vanquished.

Grand Total: 534 creatures vanquished

Notes
Turn   | Place    | Note
-------+----------+-------------------------------------------
     0 | D:1      | 101zpm the Djinni Fire Elementalist began the quest for the
                  | Orb.
     0 | D:1      | Reached XP level 1. HP: 15/15 MP: 0/0
   440 | D:1      | Reached XP level 2. HP: 11/21 MP: 0/0
  1087 | D:1      | Reached skill level 3 in Spellcasting
  1087 | D:1      | Reached XP level 3. HP: 22/25 MP: 0/0
  1087 | D:1      | Learned a level 1 spell: Animate Skeleton
  2371 | D:2      | Found a faded altar of an unknown god.
  2588 | D:2      | Found an opulent altar of Gozag.
  2885 | D:2      | Reached XP level 4. HP: 10/31 MP: 0/0
  3505 | D:4      | Noticed an ice beast
  3509 | D:4      | Killed an ice beast
  3510 | D:4      | Reached skill level 4 in Spellcasting
  3510 | D:4      | Reached XP level 5. HP: 20/35 MP: 0/0
  3510 | D:4      | Learned a level 2 spell: Poisonous Vapours
  3519 | D:4      | Reached XP level 6. HP: 10/40 MP: 0/0
  3526 | D:4      | Noticed Eustachio
  3536 | D:5      | Entered Level 5 of the Dungeon
  3830 | D:4      | Noticed Blork the orc
  3837 | D:4      | Killed Blork the orc
  3887 | D:4      | Found a sand-covered staircase.
  3892 | Ossuary  | Entered an ossuary
  4220 | Ossuary  | Reached skill level 5 in Spellcasting
  4486 | Ossuary  | Reached XP level 7. HP: 40/45 MP: 0/0
  4486 | Ossuary  | Learned a level 3 spell: Teleport Other
  4714 | D:4      | Found a transporter.
  4721 | D:4      | Found a transporter.
  4721 | D:4      | Noticed 101zpm's ghost (amateur DjFE)
  4734 | D:4      | Identified the +4 scale mail of Repulsion {Rampage +Blink
                  | Dex-4}
  4865 | D:4      | Found Zin's Purification Station.
  4868 | D:4      | Found a glowing silver altar of Zin.
  5069 | D:4      | Noticed Duvessa
  5069 | D:4      | Noticed Dowan
  5072 | D:4      | Killed Dowan
  5076 | D:4      | HP: 1/45 [Duvessa/+0 short sword (18)]
  5079 | D:4      | Mangled by Duvessa

Illustrated notes

Levels and vault maps discovered:
D:1:      minmay_arrival_open_corners, layout_basic
D:2:      layout_basic, ebering_ecumenical_altar_box, basic_altar,
          hangedman_decor_growths
D:3:      layout_loops_ring, uniq_natasha, uniq_terence, uniq_grinder,
          uniq_jessica
D:4:      layout_basic, zin_purify, gammafunk_ghost_arena,
          nicolae_ossuary_entry_false_entrances, st_stairs_1,
          hangedman_abyss_or_decor_lesser_grid, kennysheep_generic_room_3,
          uniq_eustachio, uniq_blork_the_orc, uniq_duvessa
D:5:      layout_basic, minmay_temple_entry_gardened_gates

Skill      XL: |  1  2  3  4  5  6 |
---------------+-------------------+-----
Spellcasting   | 3 4 5 |  5.5
Stealth        | 2 |  2.5
Dodging        | |  2.6

Action                   |  1- 3 |  4- 6 |  7- 9 || total
-------------------------+-------+-------+-------++-------
 Cast: Foxfire           |   166 |    82 |    21 ||   269
       Inner Flame       |       |     7 |     4 ||    11
       Poisonous Vapours |       |     1 |       ||     1
       Scorch            |       |     1 |       ||     1
  Use: Scroll            |       |     2 |     5 ||     7
Dodge: Dodged            |     3 |     1 |       ||     4
